 Dungeon Crawl Stone Soup version 0.18-a0-1372-gd644665 (webtiles) character file.

387 M4edhros the Sneak (level 6, -10/42 HPs)
             Began as an Octopode Monk on Feb 21, 2016.
             Killed from afar by Ymberto's ghost (22 damage)
             ... with a flame tongue
             ... on level 4 of the Dungeon.
             The game lasted 00:11:30 (2351 turns).

M4edhros the Sneak (Octopode Monk)                  Turns: 2351, Time: 00:11:30

Health: -10/42     AC:  1    Str: 10    XL:     6   Next: 78%
Magic:  6/6        EV: 13    Int: 13    God:
Gold:   196        SH:  0    Dex: 16    Spells: 0 memorised, 5 levels left

rFire  . . .     SeeInvis .     y - +2 rod of shadows (0/15)
rCold  . . .     Gourm    .     (no shield)
rNeg   + . .     Faith    .     (helmet restricted)
rPois  .         Spirit   .     (no amulet)
rElec  .         Dismiss  .     i - ring of positive energy
rCorr  .         Reflect  .     (no ring)
SustAt .         Harm     .     (no ring)
MR     .....                    (no ring)
Stlth  +++++.....               (no ring)
                                (no ring)
                                (no ring)
                                (no ring)

@: not resistant to hostile enchantments, quite stealthy
A: almost no armour, amphibious, 8 rings, constrict 8, camouflage 1, gelatinous
body 1
a: no special abilities


You were on level 4 of the Dungeon.
You were very hungry.

You visited 1 branch of the dungeon, and saw 4 of its levels.

You collected 196 gold pieces.

Inventory:

Hand Weapons
 r - a +0 hunting sling
Missiles
 b - 161 stones (quivered)
 d - 7 sling bullets
 q - 15 poisoned needles
 t - 18 sling bullets of flame
Rods
 y - a +2 rod of shadows (0/15) (weapon)
   (You found it on level 4 of the Dungeon)
Jewellery
 i - a ring of positive energy (left tentacle)
Wands
 x - a wand of paralysis (9/24)
Scrolls
 e - a scroll of magic mapping {unknown}
 h - 3 scrolls of immolation {unknown}
 j - 2 scrolls of enchant armour {unknown}
 l - a scroll of fear {unknown}
 m - a scroll of fog
 n - a scroll of remove curse
 s - 2 scrolls of blinking
Potions
 g - a potion of heal wounds
 k - a potion of agility
 p - a potion of ambrosia {unknown}
 u - a potion of might {unknown}
Comestibles
 a - 3 bread rations
 c - 2 meat rations
 f - a slice of pizza
 o - a chunk of flesh
 w - 6 fruits


   Skills:
 - Level 3.0 Fighting
 - Level 3.0 Dodging
 + Level 7.5 Stealth
 + Level 6.0 Unarmed Combat


You had 5 spell levels left.
You didn't know any spells.

Dungeon Overview and Level Annotations

Branches:
Dungeon (4/15)
 Temple: D:4-7

Altars:
Nemelex Xobeh
Ru
Trog
Xom

Shops:
D:4 [

Annotations:
D:4 Ymberto's ghost, novice HuFE


Innate Abilities, Weirdness & Mutations

You cannot wear most types of armour.
You are amphibious.
You can wear up to eight rings at the same time.
You can use your tentacles to constrict eight enemies at once.
Your skin changes colour to match your surroundings (Stealth).
Your rubbery body absorbs attacks (AC +1).


Message History

The ooze is almost dead.
The ooze completely misses you.
You bludgeon the ooze!
You kill the ooze!
Wield which item (- for none, * to show all)? (? for menu, Esc to quit)
y - a +2 rod of shadows (15/15) (weapon)
Found a bread ration.
You now have 196 gold pieces (gained 14).
Ymberto's ghost turns its malevolent gaze towards you.
Drink which item? (? for menu, Esc to quit)
Okay, then.
Wisps of shadow whirl around you... Wisps of shadow whirl around you...
You are feeling hungry.
Wisps of shadow whirl around you...
You are feeling very hungry.
Ymberto's ghost casts a spell at you. The flame tongue hits you!
Ouch! That really hurt!
You die...

..†.#
#.##............#
....#
#.##....#########
....# #.##.##.#
....# #.##....#
....# #..#.####
...<#
##.#.############
....#
#.#.............
....#
#...............
#####
##......@Z......
#.....l.....%..
##...†.W.......
#......s......
##............
.........#####
..........#
..........#
....%.....#


You could see Ymberto's ghost, a friendly scorpion, a friendly water moccasin
zombie and a friendly giant gecko.

Vanquished Creatures
  Edmund (D:4)
  A scorpion (D:3)
  An orc wizard (D:3)
  4 worker ants (D:4)
  3 adders
  An ooze (D:4)
  3 worms
  3 giant geckos
  14 orcs
  7 bats
  7 giant cockroaches
  3 goblins
  6 hobgoblins
  3 jackals (D:2)
  7 quokkas
  6 giant newts
  5 kobolds
  3 rats
78 creatures vanquished.

Notes
Turn   | Place    | Note
--------------------------------------------------------------
     0 | D:1      | M4edhros the Octopode Monk began the quest for the Orb.
     0 | D:1      | Reached XP level 1. HP: 16/16 MP: 1/1
   132 | D:1      | Reached XP level 2. HP: 19/21 MP: 2/2
   635 | D:2      | Reached XP level 3. HP: 19/26 MP: 3/3
   699 | D:2      | Found a bloodstained altar of Trog.
  1333 | D:3      | Found a sacrificial altar of Ru.
  1395 | D:3      | Found a shimmering altar of Xom.
  1440 | D:3      | Noticed a scorpion
  1459 | D:3      | Reached XP level 4. HP: 26/31 MP: 4/4
  1473 | D:3      | Reached skill level 5 in Stealth
  1473 | D:3      | Reached skill level 5 in Unarmed Combat
  1507 | D:3      | Reached XP level 5. HP: 29/36 MP: 5/5
  1623 | D:3      | Reached skill level 6 in Stealth
  1879 | D:4      | Found a sparkling altar of Nemelex Xobeh.
  1921 | D:4      | Noticed Edmund
  1985 | D:4      | Found Xuumm's Antique Armour Shoppe.
  2086 | D:4      | Identified a +0 rod of shadows (14/14) (You found it on level 4 of the Dungeon)
  2135 | D:4      | Reached XP level 6. HP: 40/42 MP: 6/6
  2217 | D:4      | Killed Edmund
  2217 | D:4      | Reached skill level 7 in Stealth
  2326 | D:4      | Noticed Ymberto's ghost (novice HuFE)
  2351 | D:4      | Killed from afar by Ymberto's ghost

Vault maps used:
D:1:      dpeg_arrival_rooms_b, kennysheep_another_room, minmay_misc_feat_doors,
          st_stairs_8, minmay_door_square, minmay_misc_feat_iff
D:2:      bloody_trog
D:3:      marbit_many_paths, nicolae_ru_sacrificial_ziggurat,
          yredelemnul_forgotten_temple_becter
D:4:      nemelex_deck, first_bread, serial_shops,
          nicolae_shop_overgrown_old_shop, kennysheep_opposing_triangles,
          uniq_edmund

Action                   |  1- 3 |  4- 6 || total
-------------------------+-------+-------++-------
Melee: Unarmed           |    83 |    94 ||   177
Evoke: Rod               |       |     4 ||     4
  Use: Potion            |       |     4 ||     4
       Scroll            |       |     6 ||     6
 Stab: Sleeping          |    16 |    15 ||    31
  Eat: Chunk             |     2 |     3 ||     5
